Construct Section Command Post
Selects Air and Sea Battlegroup
Construct Platoon Command Post
Selects Commando Section Paradrop
Commando Section Paradrop
Selects Commando Support Section Paradrop
Commando Support Section Paradrop
6-pounder Anti-tank Gun Team
Commando Support Section Paradrop
Commando Support Section Paradrop
Commando Section Paradrop
Construct Company Command Post
Selects Centaur Medium Tank
Selects Anti-tank Rocket Loiter
Unlock Towed 17-pounder Anti-tank Guns
17-pounder Anti-tank Gun Team
Unlock M3 Grant Medium Tanks
Commando Support Section Paradrop
Commando Section Paradrop